 Dungeon Crawl Stone Soup version 0.28-a0-8-g6e044cfa68 (webtiles) character file.

Game seed: 10694379944646468948

669 freelancePsychic the Skirmisher (level 7, -6/56 HPs)
             Began as a Demonspawn Necromancer on July 25, 2021.
             Was an Initiate of Nemelex Xobeh.
             Killed by divine providence
             ... invoked by an orc priest
              (14 damage)
             ... on level 5 of the Dungeon.
             The game lasted 00:11:18 (6539 turns).

freelancePsychic the Skirmisher (DsNe)              Turns: 6539, Time: 00:11:19

Health: -6/56      AC:  6    Str: 11    XL:     7   Next: 32%
Magic:  10/10      EV: 10    Int: 16    God:    Nemelex Xobeh [......]
Gold:   149        SH:  0    Dex: 13    Spells: 9/10 levels left

rFire   . . .      SeeInvis .   b - +3 dagger (elec)
rCold   . . .      Faith    .   (no shield)
rNeg    . . .      Spirit   .   j - +0 ring mail
rPois   +          Reflect  .   (no helmet)
rElec   .          Harm     .   e - +0 cloak
rCorr   .          Rampage  .   (no gloves)
Will    .....                   (no boots)
Stlth   +.........              (no amulet)
HPRegen 0.18/turn               c - ring of poison resistance
MPRegen 0.12/turn               (no ring)

@: no status effects
A: talons 1
a: Renounce Religion, Draw Escape, Draw Destruction, Draw Summoning


You were on level 5 of the Dungeon.
You worshipped Nemelex Xobeh.
Nemelex Xobeh was noncommittal.
You visited 2 branches of the dungeon, and saw 6 of its levels.

You collected 149 gold pieces.

Inventory:

Hand Weapons
 b - a +3 dagger of electrocution (weapon)
Missiles
 d - 14 poisoned darts
Armour
 a - a +0 robe
 e - a +0 cloak (worn)
 g - a +0 kite shield
 j - a +0 ring mail (worn)
 t - a +0 buckler
Magical Staves
 f - a staff of air
Jewellery
 c - a ring of poison resistance (left hand)
 p - a ring of see invisible
Wands
 o - a wand of charming (1) (quivered)
Scrolls
 m - a scroll of identify {@r1}
 n - a scroll of vulnerability {unknown}
 r - a scroll of teleportation {@r4}
 s - a scroll of noise {unknown}
 u - 2 scrolls of amnesia
Potions
 h - a potion of haste {unknown}
 i - a potion of magic {unknown}
 k - a potion of curing {@q1}
 l - a potion of lignification {unknown}
 q - 2 potions of attraction {unknown}


   Skills:
 + Level 5.1 Fighting
 + Level 4.1 Short Blades
 - Level 1.8 Dodging
 - Level 1.8 Stealth
 - Level 2.0 Spellcasting
 - Level 4.4 Necromancy
 + Level 4.1 Invocations


You had 9 spell levels left.
You knew the following spells:

 Your Spells              Type           Power      Damage    Failure   Level
a - Pain                  Necr           60%        1d7       9%          1

Your spell library contained the following spells:

 Spells                   Type           Power      Damage    Failure   Level
 Animate Skeleton         Necr           30%        N/A       9%          1
 Vampiric Draining        Necr           7%         2d7       24%         3
 Animate Dead             Necr           7%         N/A       63%         4
 Ozocubu's Armour         Ice            1%         N/A       83%         3
 Agony                    Necr           15%        N/A       92%         5
 Metabolic Englaciation   Hex/Ice        0%         N/A       100%        5
 Dispersal                Tloc           0%         N/A       100%        6
 Simulacrum               Ice/Necr       4%         N/A       100%        6
 Disjunction              Tloc           0%         N/A       100%        8


Dungeon Overview and Level Annotations

Branches:
Dungeon (5/15)             Temple (1/1) D:4

Altars:
Ashenzari
Cheibriados
Dithmenos
Elyvilon
Fedhas
Gozag
Hepliaklqana
Kikubaaqudgha
Makhleb
Nemelex Xobeh
Okawaru
Qazlal
Ru
Sif Muna
Uskayaw
Vehumet
Wu Jian
Xom
Yredelemnul
Zin
The Shining One

Annotations:
D:4 3 runed translucent doors, exclusion: ogre, DocClef's ghost, amateur GnDe
D:5 Grinder


Innate Abilities, Weirdness & Mutations

You have sharp toenails.


Message History

The orc priest hits you but does no damage.
The rat bites you but does no damage. The bat closely misses you.
The rat bites you but does no damage.
You closely miss Eustachio.
Eustachio is almost dead.
The bat hits you but does no damage.
The orc priest casts a cantrip, but nothing happens.
Eustachio casts a spell.
You hit Eustachio but do no damage.
Eustachio is almost dead.
The rat misses you.
The orc priest invokes the aid of Beogh against you.
Beogh smites you!
* * * LOW HITPOINT WARNING * * *
The white imp barely misses you.
You barely miss Eustachio. Your kick misses Eustachio.
Eustachio is almost dead.
The bat hits you.
* * * LOW HITPOINT WARNING * * *
The bat hits you.
* * * LOW HITPOINT WARNING * * *
Eustachio closely misses you.
The river rat bites you but does no damage.
The rat barely misses you.
The orc priest hits you but does no damage.
The white imp hits you but does no damage.
You hit Eustachio but do no damage. Lightning courses through Eustachio!!
You kill Eustachio!
The bat disappears in a puff of smoke!
The rat disappears in a puff of smoke!
The river rat disappears in a puff of smoke!
The shadow imp disappears in a puff of smoke!
The white imp disappears in a puff of smoke!
Your Fighting skill increases to level 5!
Your Short Blades skill increases to level 4!
Your Invocations skill increases to level 4!
It was a potion of curing.
You feel better.
The orc priest calls down the wrath of Beogh upon you.
Beogh smites you!
You die...
Your body disappears without a glow.

#....# ....... #..#
#.#### ....... #.##
#.#####....... #.#
####.......#.#### #.#
#..)...#####.#
#####.# #.##.#.### #
#.....# #
#)#..§###.####.#####
#.#.##..o§§§........#
.......§.@)#.#.##<###
.##...###§§### # #.#
..........# #....# #
#..#.##.## #....# #
###.......# ......# #
........#.# ###...##
# .....@..#.# #... #
# #.<#.# #...###### #
#.....#..
..........###


You could see an orc priest.

Vanquished Creatures
  Eustachio (D:5)
  An ogre (D:4)
  A scorpion (D:5)
  A howler monkey (D:5)
  A hound (D:4)
  4 orc priests
  An iguana (D:5)
  An orc wizard (D:4)
  Robin (D:3)
  A howler monkey skeleton (D:5)
  An adder (D:4)
  2 worms (D:2)
  3 dart slugs
  11 orcs
  8 ball pythons
  9 endoplasms
  5 giant cockroaches
  17 goblins
  6 hobgoblins
  7 jackals
  10 kobolds
  2 quokkas (D:2)
  4 bats
  5 frilled lizards
  5 rats
108 creatures vanquished.

Vanquished Creatures (collateral kills)
  2 orcs (D:5)
2 creatures vanquished.

Grand Total: 110 creatures vanquished

Notes
Turn   | Place    | Note
-------+----------+-------------------------------------------
     0 | D:1      | freelancePsychic the Demonspawn Necromancer began the quest
                  | for the Orb.
     0 | D:1      | Reached XP level 1. HP: 13/13 MP: 3/3
   360 | D:1      | Found a faded altar of an unknown god.
   377 | D:1      | Reached skill level 1 in Fighting
   384 | D:1      | Gained mutation: You have sharp toenails. [demonic
                  | ancestry]
   384 | D:1      | Reached XP level 2. HP: 8/21 MP: 1/5
   640 | D:1      | Reached skill level 2 in Fighting
   986 | D:1      | Reached XP level 3. HP: 26/27 MP: 6/6
  1103 | D:1      | Reached skill level 1 in Short Blades
  1889 | D:2      | Reached XP level 4. HP: 31/34 MP: 7/7
  2001 | D:2      | Reached skill level 3 in Fighting
  3459 | D:3      | Noticed Robin
  3464 | D:3      | Killed Robin
  3465 | D:3      | Reached XP level 5. HP: 34/41 MP: 6/8
  4083 | D:4      | Found a blossoming altar of Fedhas.
  4200 | D:4      | Found a staircase to the Ecumenical Temple.
  4218 | Temple   | Entered the Ecumenical Temple
  4418 | Temple   | Became a worshipper of Nemelex Xobeh the Trickster
  4586 | D:3      | HP: 2/42 [orc (1)]
  4970 | D:4      | Noticed DocClef's ghost (amateur GnDe)
  5003 | D:4      | Found a runed translucent gate.
  5003 | D:4      | Found a runed translucent gate.
  5003 | D:4      | Found a runed translucent gate.
  5010 | D:4      | Found a broken altar of Ashenzari.
  5034 | D:4      | Noticed an ogre
  5060 | D:4      | Reached skill level 4 in Fighting
  5060 | D:4      | Reached skill level 1 in Invocations
  5408 | D:5      | Entered Level 5 of the Dungeon
  5408 | D:5      | Noticed an ogre
  5668 | D:4      | Reached XP level 6. HP: 44/48 MP: 9/9
  5715 | D:5      | Noticed Grinder
  5854 | D:5      | Found an ancient bone altar of Kikubaaqudgha.
  5854 | D:5      | Noticed Eustachio
  6498 | D:5      | Reached XP level 7. HP: 55/55 MP: 10/10
  6537 | D:5      | HP: 2/55 [bat[Eustachio] (1)]
  6538 | D:5      | Killed Eustachio
  6539 | D:5      | Reached skill level 5 in Fighting
  6539 | D:5      | Killed from afar by an orc priest

Illustrated notes

Levels and vault maps discovered:
D:1:      psy_arrival_basics, layout_loops_ring,
          hellmonk_ecumenical_altar_dog_temple, kennysheep_flooded_box,
          minmay_tetromino_i2
D:2:      layout_basic, st_stairs_2, chequers_serial_rivers_small_3,
          minmay_fractal_squares_gapless_5
D:3:      layout_loops_ring, uniq_robin
D:4:      layout_layer_cave, nicolae_ashenzari_panopticon, old_standard_altar,
          minmay_temple_entry_statues_pillars, gammafunk_ghost_icy,
          minmay_splitting_lines
D:5:      layout_loops_cross, trog_ov_bears_minmay,
          mainiacjoe_overflow_tiny_flanked, uniq_grinder, uniq_eustachio
Temple:   eino_narrow_crystal_temple

Skill      XL: |  1  2  3  4  5  6  7 |
---------------+----------------------+-----
Fighting       | 1 2 3 4 5 |  5.1
Short Blades   | 1 2 3 4 |  4.1
Invocations    | 1 3 4 |  4.1
Dodging        | |  1.8
Stealth        | |  1.8
Spellcasting   | |  2.0
Necromancy     | |  4.4

Action                   |  1- 3 |  4- 6 |  7- 9 || total
-------------------------+-------+-------+-------++-------
Melee: Unarmed           |    19 |       |       ||    19
       Dagger            |   115 |   141 |    17 ||   273
       Kick              |    12 |    19 |       ||    31
 Cast: Pain              |     9 |    18 |       ||    27
Evoke: Wand              |       |    13 |       ||    13
  Use: Scroll            |     2 |     5 |       ||     7
       Potion            |       |       |     1 ||     1
 Stab: Sleeping          |     6 |     2 |       ||     8
Armor: Robe              |    24 |     5 |       ||    29
       Ring mail         |       |    21 |    11 ||    32
Dodge: Dodged            |    94 |    70 |    11 ||   175

Table legend: (Time is in decaauts)
 A = Elapsed time spent in this place.
 B = Non-inter-level travel time spent in this place.
 C = Inter-level travel time spent in this place.
 D = Time resting spent in this place.
 E = Time spent auto-exploring this place.
 F = Levels seen in this place.
 G = Mean time per level.
                   A        B        C        D        E       F      G
               +--------+--------+--------+--------+--------+-----+--------+
         Total |   6527 |   6250 |    277 |   1932 |   3380 |   6 | 1087.8 |
       Dungeon |   6311 |   6048 |    263 |   1932 |   3212 |   5 | 1262.2 |
        Temple |    215 |    201 |     14 |      0 |    168 |   1 |  215.0 |
               +--------+--------+--------+--------+--------+-----+--------+

Top non-repeatable levels by time:
     D:4: 1660 daAuts
     D:2: 1514 daAuts
     D:1: 1449 daAuts
     D:3: 1305 daAuts
     D:5: 381 daAuts
  Temple: 215 daAuts
